 Dungeon Crawl Stone Soup version 0.31-a0-460-g9e667d4245 (webtiles) character file.

Game seed: 5064317659519803017

18675 KimchiStew the Slicer (level 12, -9/111 HPs)
             Began as an Armataur Shapeshifter on Aug 4, 2023.
             Was a Follower of Uskayaw.
             Mangled by an ogre
             ... wielding a +0 giant spiked club
              (20 damage)
             ... on level 11 of the Dungeon.
             The game lasted 00:23:38 (13301 turns).

KimchiStew the Slicer (Armataur Shapeshifter)      Turns: 13301, Time: 00:23:39

Health: -9/111     AC:  9    Str: 21    XL:     12   Next: 29%
Magic:  5/16       EV: 10    Int:  8    God:    Uskayaw [*.....]
Gold:   430        SH:  0    Dex: 24    Spells: 6/11 levels left

rFire   . . .        a - +7 rapier (speed)
rCold   . . .        (no shield)
rNeg    . . .        g - +2 robe of the Equinox {rPois Will+++}
rPois   +            o - +1 helmet
rElec   .            (no cloak)
rCorr   .            (no gloves)
SInv    +            (no barding)
Will    +++..        z - amulet of the acrobat
Stlth   +++++        s - +6 ring of dexterity
HPRegen 0.38/turn    D - ring of see invisible
MPRegen 0.15/turn

%: acrobat, roll
@: unable to drink
A: large, rugged brown scales 3, deformed body, armoured tail, roll, long
tongue, awkward tongue, agile 1, wild magic 1, inability to drink after injury
1, noise suppression
a: Renounce Religion, Stomp


You were on level 11 of the Dungeon.
You worshipped Uskayaw.
Uskayaw was noncommittal.
You visited 1 branch of the dungeon, and saw 12 of its levels.

You collected 584 gold pieces.
You spent 154 gold pieces at shops.

Inventory:

Hand Weapons
 a - a +7 rapier of speed (weapon)
Missiles
 f - 48 poisoned darts
 q - 2 curare-tipped darts
 w - a throwing net
 x - 19 boomerangs (quivered)
 H - 3 javelins
Armour
 g - the +2 robe of the Equinox (worn) {rPois Will+++}
   (You found it on level 4 of the Dungeon)

   rPois:     It protects you from poison.
   Will:      It greatly increases your willpower.
 o - a +1 helmet (worn)
 y - a +0 cloak
 B - a scarf of invisibility
 F - an orb of guile
Jewellery
 s - a +6 ring of dexterity (left hand)
 z - an amulet of the acrobat (around neck)
 D - a ring of see invisible (right hand)
 K - a ring of positive energy
Talismans
 c - a beast talisman
Wands
 e - a wand of digging (4)
 l - a wand of polymorph (3)
 n - a wand of flame (32)
 p - a wand of iceblast (22)
Scrolls
 k - 3 scrolls of enchant armour
 m - 2 scrolls of teleportation
 t - 2 scrolls of poison
 E - 2 scrolls of identify
 G - a scroll of silence
 I - a scroll of immolation
Potions
 b - 3 potions of attraction
 d - 2 potions of resistance
 h - a potion of enlightenment
 i - 3 potions of cancellation
 j - 7 potions of curing
 u - 5 potions of brilliance
 A - 3 potions of heal wounds


   Skills:
 - Level 9.0 Fighting
 * Level 11.0 Short Blades
 + Level 9.3 Armour
 - Level 1.3 Dodging
 + Level 10.6 Stealth
 - Level 2.8 Unarmed Combat
 + Level 6.5 Invocations
 - Level 2.6 Shapeshifting


You had 6 spell levels left.
You knew the following spells:

 Your Spells              Type           Power      Damage    Failure   Level
a - Passwall              Tmut/Erth      0%         N/A       63%         2
b - Swiftness             Air            0%         N/A       85%         3

Your spell library contained the following spells:

 Spells                   Type           Power      Damage    Failure   Level
 Necrotise                Necr           0%         1d4       50%         1
 Sandblast                Erth           0%         2d4       50%         1
 Shock                    Conj/Air       0%         1d3       50%         1
 Sting                    Tmut/Pois      0%         1d3       50%         1
 Cigotuvi's Dreadful Rot  Necr/Pois/Air  0%         N/A       63%         2
 Poisonous Vapours        Pois/Air       0%         N/A       63%         2
 Sublimation of Blood     Necr           0%         N/A       63%         2
 Wereblood                Tmut           0%         N/A       63%         2
 Ignite Poison            Fire/Tmut/Pois 0%         N/A       85%         3
 Stone Arrow              Conj/Erth      0%         3d7       85%         3
 Vampiric Draining        Necr           0%         2d6       85%         3
 Airstrike                Air            0%         2d(0-16)  99%         4
 Olgreb's Toxic Radiance  Pois           0%         N/A       99%         4
 Agony                    Necr           0%         N/A       100%        5
 Freezing Cloud           Conj/Ice/Air   0%         6-21      100%        5
 Summon Hydra             Summ           0%         N/A       100%        7


Dungeon Overview and Level Annotations

Branches:
Dungeon (12/15)            Temple (0/1) D:4            Lair (0/5) D:8
    Orc (0/2) D:11

Altars:
Makhleb
Ru
Trog
Uskayaw
Wu Jian
Yredelemnul
Zin

Shops:
D:1 [   D:6 !   D:11 =

Annotations:
D:6 2 transporters, exclusion: door
D:10 Erolcha
D:12 4 runed translucent doors


Innate Abilities, Weirdness & Mutations

You are completely covered in rugged brown scales. (AC +3, +7% HP)
Armour fits poorly on your strangely shaped body.
You have a long armoured tail.
You roll when moving toward enemies. (Rampage)
Your long tongue fully drains potion bottles. (2x potion effects)
Your tongue gives you trouble enunciating. (1.5x scroll delay)
You are agile. (Dex +4, Str/Int -1)
Your spells are a little harder to cast, but a little more powerful.
You occasionally lose the ability to drink potions when taking damage.
You passively dampen the noise of your surroundings.


Message History

The ogre is severely wounded.
You hit the ogre. You tail-slap the ogre.
The ogre is almost dead.
The two-headed ogre hits you with a +0 giant club!
The two-headed ogre hits you but does no damage.
The ogre barely misses the two-headed ogre.
You can now pass through a line of other dancers.
You take 12 damage, and have 48/111 hp.
You barely miss the ogre.
The ogre is almost dead.
The ogre seems less confused.
You closely miss the ogre.
The ogre is almost dead.
You puncture the ogre!
You kill the ogre!
The two-headed ogre hits you but does no damage.
The two-headed ogre hits you with a +0 giant spiked club!!
You feel threatened and lose the ability to drink potions!
* * * LOW HITPOINT WARNING * * *
You take 21 damage, and have 28/111 hp.
Unknown command.
Aiming: Line Pass
Press: ? - help, Dir - move target The two-headed ogre appears confused.
The plant appears confused.
You can no longer pass through a line of other dancers.
Unknown command.
You catch the helpless two-headed ogre completely off-guard!
You perforate the two-headed ogre like a sieve!!!
You kill the two-headed ogre!
You can now pass through a line of other dancers.
Your Short Blades skill increases to level 11!
Unknown command.
You stomp with the beat, sending a shockwave through the revellers around you!
The ogre is heavily wounded. x2
You can no longer pass through a line of other dancers.
The plant seems less confused.
The ogre hits you with a +0 giant spiked club!!
* * * LOW HITPOINT WARNING * * *
The ogre hits you with a +0 giant spiked club!!
You die...

##.......########..........
#...................######.
#.................[.# #.
#...................# #.
#...................# +.
#...................# #.
#...................... .
#........))O............ .
##........@O............ #
#.................P....
#.....................# ##
#...................#####.
##.#.....P.........## ....
##.###.##..........## #...
#...#####.#..#.....# ....
###....#####..#?.... P...
###### ##.###### #...


You could see 2 ogres.

Vanquished Creatures
  2 ettins (D:11)
  2 two-headed ogres (D:11)
  Nergalle (D:11)
  Pikel (D:5)
  8 cyclopes (D:11)
  2 ugly things (D:12)
  A komodo dragon (D:12)
  3 trolls
  Grinder (D:5)
  Sigmund (D:5)
  2 shadows (D:11)
  A vampire (D:12)
  2 wyverns
  A wraith (D:12)
  Eustachio (D:3)
  2 steam dragons
  22 yaks
  A basilisk (D:12)
  Grum (D:11)
  Edmund (D:5)
  3 vampire mosquitoes (D:12)
  A two-headed ogre zombie (D:11)
  A warg (D:11)
  7 orc warriors
  A water moccasin (D:7)
  An ice beast (D:5)
  3 ogres
  2 sky beasts
  4 wolves (D:11)
  4 centaurs
  A phantom (D:11)
  2 lemures (D:5)
  6 kobold brigands
  A gnoll sergeant (D:7)
  7 scorpions
  10 wights
  3 troll zombies (D:11)
  3 howler monkeys (D:7)
  6 orc priests
  3 hounds
  2 jellies
  6 iguanas
  2 sleepcaps
  Terence (D:2)
  12 orc wizards
  4 ogre zombies (D:11)
  Robin (D:1)
  7 gnolls
  4 adders
  A white imp (D:7)
  4 worms
  37 orcs
  4 ball pythons
  12 bats
  4 endoplasms
  2 giant cockroaches
  6 goblins
  6 hobgoblins
  26 kobolds
  2 quokkas (D:5)
  5 frilled lizards
  A goblin skeleton (D:11)
  4 goblin zombies (D:11)
  3 hobgoblin skeletons (D:11)
  2 hobgoblin zombies (D:11)
  3 orc skeletons (D:11)
  12 orc zombies (D:11)
298 creatures vanquished.

Notes
Turn   | Place    | Note
-------+----------+-------------------------------------------
     0 | D:1      | KimchiStew the Armataur Shapeshifter began the quest for
                  | the Orb.
     0 | D:1      | Reached XP level 1. HP: 16/16 MP: 1/1
     4 | D:1      | You fall into a shaft and drop 1 floor!
   123 | D:1      | Found Erianu Colu's Antique Armour Shoppe.
   197 | D:1      | Reached skill level 1 in Stealth
   373 | D:1      | Reached XP level 2. HP: 23/23 MP: 2/2
   825 | D:2      | Identified the +3 sling of Xokoiff {heavy, rF+}
   850 | D:2      | Reached XP level 3. HP: 24/28 MP: 3/3
  1163 | D:2      | Found a burning altar of Makhleb.
  1303 | D:2      | Noticed Terence
  1323 | D:2      | Killed Terence
  1324 | D:2      | Reached XP level 4. HP: 17/36 MP: 4/4
  1526 | D:2      | Found a faded altar of an unknown god.
  1555 | D:2      | Prayed at the altar of an unknown god.
  1555 | D:2      | Became a worshipper of Uskayaw the Reveller
  1555 | D:2      | Reached * piety under Uskayaw
  1657 | D:2      | Noticed Robin
  1673 | D:2      | Reached skill level 5 in Stealth
  1702 | D:1      | Reached ** piety under Uskayaw
  1706 | D:1      | Killed Robin
  1707 | D:1      | Reached skill level 1 in Fighting
  2246 | D:2      | Found a burning altar of Makhleb.
  2264 | D:2      | Found a hide-covered altar of Uskayaw.
  2714 | D:3      | Reached XP level 5. HP: 40/42 MP: 5/5
  2979 | D:3      | Reached skill level 1 in Short Blades
  3459 | D:4      | Noticed Eustachio
  3760 | D:3      | Reached *** piety under Uskayaw
  3761 | D:3      | Killed Eustachio
  3762 | D:3      | Reached skill level 2 in Short Blades
  3762 | D:3      | Reached XP level 6. HP: 42/54 MP: 6/6
  3873 | D:4      | Found a staircase to the Ecumenical Temple.
  4140 | D:4      | Identified the +2 robe of the Equinox {rPois Will+++}
  4406 | D:5      | Entered Level 5 of the Dungeon
  4511 | D:5      | Noticed an ice beast
  4527 | D:5      | Killed an ice beast
  4527 | D:5      | Reached **** piety under Uskayaw
  4528 | D:5      | Reached skill level 3 in Short Blades
  4656 | D:5      | Reached XP level 7. HP: 63/63 MP: 7/7
  4700 | D:5      | Found a runed translucent door.
  4740 | D:5      | Identified the +2 chain mail of Inquiry {Rampage rN+ Str-5
                  | Slay+3}
  4767 | D:5      | Noticed Edmund
  4774 | D:5      | Killed Edmund
  4878 | D:5      | Noticed Sigmund
  4881 | D:5      | Killed Sigmund
  4882 | D:5      | Reached skill level 5 in Fighting
  4882 | D:5      | Reached skill level 4 in Short Blades
  4899 | D:5      | Noticed Grinder
  4907 | D:5      | Killed Grinder
  4908 | D:5      | Reached XP level 8. HP: 74/74 MP: 8/8
  5042 | D:5      | Noticed Pikel
  5059 | D:5      | Killed Pikel
  5172 | D:5      | Reached skill level 1 in Armour
  5193 | D:5      | Reached ***** piety under Uskayaw
  5204 | D:5      | Reached XP level 9. HP: 26/86 MP: 7/9
  5456 | D:6      | Reached skill level 5 in Short Blades
  5734 | D:6      | Found Keczuih's Distillery.
  5742 | D:6      | Bought 2 potions of curing for 84 gold pieces
  5742 | D:6      | Bought a potion of heal wounds for 70 gold pieces
  5791 | D:6      | Found a transporter.
  5795 | D:6      | Noticed a purple ugly thing
  5795 | D:6      | Noticed a cyclops
  5798 | D:6      | Found a transporter.
  5809 | D:6      | Found a sacrificial altar of Ru.
  6394 | D:7      | Reached skill level 6 in Short Blades
  6882 | D:7      | Noticed a troll
  6887 | D:7      | Killed a troll
  6979 | D:7      | Reached skill level 1 in Invocations
  6981 | D:7      | Reached XP level 10. HP: 88/96 MP: 10/10
  7045 | D:7      | Reached skill level 7 in Short Blades
  7045 | D:7      | Reached skill level 5 in Armour
  8061 | D:8      | Reached skill level 8 in Short Blades
  8464 | D:8      | Found a staircase to the Lair.
  8521 | D:8      | Found an ornate altar of the Wu Jian Council.
  9467 | D:9      | Reached XP level 11. HP: 82/103 MP: 13/13
  9498 | D:9      | HP: 5/103 [yak (13)]
 10119 | D:10     | Entered Level 10 of the Dungeon
 10155 | D:10     | Found a glowing silver altar of Zin.
 10155 | D:10     | Found a bloodstained altar of Trog.
 10160 | D:10     | Found a basalt altar of Yredelemnul.
 10315 | D:10     | Reached skill level 9 in Short Blades
 10741 | D:10     | Learned a level 2 spell: Passwall
 10745 | D:10     | Learned a level 3 spell: Swiftness
 10883 | D:10     | Noticed Erolcha
 10889 | D:10     | Gained mutation: You are occasionally teleported next to
                  | monsters. [potion of mutation]
 10889 | D:10     | Gained mutation: You are dopey. (Int -2) [potion of
                  | mutation]
 10889 | D:10     | Gained mutation: You have sharp fingernails. [potion of
                  | mutation]
 10890 | D:10     | Lost mutation: You are dopey. (Int -2) [potion of mutation]
 10890 | D:10     | Lost mutation: You are occasionally teleported next to
                  | monsters. [potion of mutation]
 10890 | D:10     | Lost mutation: You have sharp fingernails. [potion of
                  | mutation]
 10890 | D:10     | Gained mutation: Your body sometimes deteriorates upon
                  | taking damage. [potion of mutation]
 10890 | D:10     | Gained mutation: You are covered in fur. (AC +1) [potion of
                  | mutation]
 10890 | D:10     | Gained mutation: You occasionally lose the ability to drink
                  | potions when taking damage. [potion of mutation]
 10890 | D:10     | Gained mutation: Your mind is acute. (Int +4, Str/Dex -1)
                  | [potion of mutation]
 10890 | D:10     | Gained mutation: You occasionally shout uncontrollably at
                  | your foes. [potion of mutation]
 10890 | D:10     | Gained mutation: You are partially covered in large bone
                  | plates. (SH +4) [potion of mutation]
 10890 | D:10     | Gained mutation: You passively dampen the noise of your
                  | surroundings. [potion of mutation]
 11020 | D:11     | Found a staircase to the Orcish Mines.
 11057 | D:11     | Noticed an ettin
 11061 | D:11     | Reached ****** piety under Uskayaw
 11069 | D:11     | Noticed an ettin
 11069 | D:11     | Noticed a two-headed ogre
 11269 | D:12     | Noticed a boulder beetle
 11291 | D:12     | Noticed Snorg
 11483 | D:12     | Noticed a purple ugly thing
 11486 | D:12     | Killed a purple ugly thing
 11603 | D:12     | Found a runed translucent door.
 11618 | D:12     | Found a runed translucent door.
 11630 | D:12     | Reached skill level 5 in Invocations
 11645 | D:12     | Snorg changed into Snorg the basilisk
 11645 | D:12     | Noticed Snorg
 11653 | D:12     | Killed Snorg the basilisk
 11746 | D:12     | Found a runed translucent door.
 11753 | D:12     | Noticed a purple ugly thing
 11771 | D:12     | Killed a purple ugly thing
 11864 | D:12     | Found a runed translucent door.
 11954 | D:11     | Killed a two-headed ogre
 11955 | D:11     | Killed an ettin
 11956 | D:11     | Reached skill level 10 in Short Blades
 11959 | D:11     | Killed an ettin
 11961 | D:11     | Reached skill level 10 in Stealth
 12159 | D:11     | Found the +5 robe of Misfortune {Harm *Corrode *Slow EV+5}
 12198 | D:11     | Noticed Nergalle
 12211 | D:11     | Killed Nergalle
 12213 | D:11     | Reached XP level 12. HP: 81/111 MP: 16/16
 12319 | D:11     | Noticed Grum
 12335 | D:11     | Killed Grum
 12407 | D:11     | Found Hinyiw's Jewellery Shop.
 12452 | D:11     | Lost mutation: You are partially covered in large bone
                  | plates. (SH +4) [potion of mutation]
 12452 | D:11     | Lost mutation: You occasionally shout uncontrollably at
                  | your foes. [potion of mutation]
 12452 | D:11     | Lost mutation: You are covered in fur. (AC +1) [potion of
                  | mutation]
 12452 | D:11     | Lost mutation: Your mind is acute. (Int +4, Str/Dex -1)
                  | [potion of mutation]
 12452 | D:11     | Gained mutation: You are agile. (Dex +4, Str/Int -1)
                  | [potion of mutation]
 12452 | D:11     | Lost mutation: Your body sometimes deteriorates upon taking
                  | damage. [potion of mutation]
 12452 | D:11     | Gained mutation: Your spells are a little harder to cast,
                  | but a little more powerful. [potion of mutation]
 12876 | D:11     | Noticed a two-headed ogre
 13300 | D:11     | Killed a two-headed ogre
 13301 | D:11     | Reached skill level 11 in Short Blades
 13301 | D:11     | Mangled by an ogre

Illustrated notes

Levels and vault maps discovered:
D:1:      moated_graveyard_arrival, layout_rooms, serial_shops, shop_fountains,
          minmay_tripent
D:2:      layout_loops_ring, basic_altar, dreamdust_ecumenical_altar_grove,
          uniq_terence, uniq_robin
D:3:      layout_basic
D:4:      layout_loops_ring, minmay_temple_entry_large_hall, uniq_eustachio
D:5:      layout_loops_ring, lightli_church_of_beogh, uniq_edmund, uniq_pikel,
          uniq_sigmund, uniq_grinder
D:6:      layout_loops_ring, gammafunk_temple_overflow_arena,
          minmay_overflow_temple_star_quad, serial_shops,
          nicolae_shop_statue_plus, kennysheep_generic_room_15
D:7:      layout_basic
D:8:      old_forge, layout_cave_pools, nicolae_wu_jian_glorious_leap
D:9:      layout_basic
D:10:     layout_gridville, grunt_temple_overflow_open,
          chequers_decorated_corner, uniq_erolcha
D:11:     giant_chief_lemuel, layout_irregular_city, zombieorc2_lemuel,
          serial_shops, shop, uniq_nergalle, uniq_grum
D:12:     layout_roguey [special_room_orc], gammafunk_ghost_wrathful_warriors,
          minmay_statue_crystal_thing, uniq_nessos, uniq_snorg, uniq_frances

Skill      XL: |  1  2  3  4  5  6  7  8  9 10 11 12 |
---------------+-------------------------------------+-----
Stealth        | 2 3 4 5 7 8 10 | 10.6
Fighting       | 1 3 4 6 8 9 |  9.0
Short Blades   | 2 3 4 6 8 10 11 | 11.0
Armour         | 2 4 6 8 9 |  9.3
Invocations    | 1 3 6 |  6.5
Dodging        | |  1.3
Unarmed Combat | |  2.8
Shapeshifting  | |  2.6

Action                     |  1- 3 |  4- 6 |  7- 9 | 10-12 || total
---------------------------+-------+-------+-------+-------++-------
  Melee: Dagger            |    40 |    42 |       |       ||    82
         Tailslap          |     4 |    14 |    33 |    87 ||   138
         Punch             |     2 |     1 |     4 |    10 ||    17
         Unarmed           |    13 |    24 |       |       ||    37
         Rapier            |       |    45 |   198 |   494 ||   737
   Fire: Sling             |    10 |     4 |       |       ||    14
  Throw: Dart              |     2 |    16 |     8 |     8 ||    34
         Throwing net      |       |     1 |       |       ||     1
         Boomerang         |       |       |     2 |     7 ||     9
 Invoke: Line Pass         |       |       |     6 |     6 ||    12
         Stomp             |       |       |     1 |     1 ||     2
Ability: Begin Untransform |       |     1 |       |       ||     1
  Evoke: Wand              |       |     9 |       |     5 ||    14
    Use: Potion            |     1 |     5 |       |     8 ||    14
         Scroll            |       |     7 |     7 |     5 ||    19
   Stab: Sleeping          |     5 |     6 |    12 |     7 ||    30
         Distracted        |       |     2 |     2 |     1 ||     5
         Paralysed         |       |     2 |    17 |    27 ||    46
         Confused          |       |       |     2 |     1 ||     3
         Held in net/web   |       |       |       |     1 ||     1
 Armour: Animal skin       |    14 |     8 |       |       ||    22
         Skin              |     3 |     6 |       |       ||     9
         Ring mail         |       |    35 |       |       ||    35
         Robe              |       |     5 |    48 |    73 ||   126
  Dodge: Dodged            |    18 |    37 |    67 |   163 ||   285
  Block: Other             |       |       |       |    20 ||    20

Table legend: (Time is in decaauts)
 A = Elapsed time spent in this place.
 B = Non-inter-level travel time spent in this place.
 C = Inter-level travel time spent in this place.
 D = Time resting spent in this place.
 E = Time spent auto-exploring this place.
 F = Levels seen in this place.
 G = Mean time per level.
                   A        B        C        D        E       F      G
               +--------+--------+--------+--------+--------+-----+--------+
         Total |  13006 |  12566 |    440 |   4026 |   6050 |  12 | 1083.8 |
       Dungeon |  13006 |  12566 |    440 |   4026 |   6050 |  12 | 1083.8 |
               +--------+--------+--------+--------+--------+-----+--------+

Top non-repeatable levels by time:
     D:2: 1824 daAuts
     D:9: 1350 daAuts
     D:7: 1286 daAuts
    D:10: 1244 daAuts
     D:3: 1090 daAuts
     D:6: 1057 daAuts
     D:5: 1003 daAuts
    D:11: 986 daAuts
    D:12: 838 daAuts
     D:8: 828 daAuts
     D:4: 812 daAuts
     D:1: 684 daAuts
